 Dungeon Crawl Stone Soup version 0.24-a0-292-g5c6fb1cd70 (webtiles) character file.

Game seed: 1480758923837881705

107 HAL9000 the Vexing (level 4, 0/21 HPs)
             Began as a Vine Stalker Enchanter on May 11, 2019.
             Slain by an iguana (13 damage)
             ... on level 3 of the Dungeon.
             The game lasted 00:07:34 (3696 turns).

HAL9000 the Vexing (Vine Stalker Enchanter)         Turns: 3696, Time: 00:07:34

Health: 0/21       AC:  4    Str: 10    XL:     4   Next: 85%
Magic:  0/8        EV: 12    Int: 15    God:
Gold:   145        SH:  0    Dex: 16    Spells: 1/7 levels left

rFire    . . .     SeeInvis .   a - +2 dagger
rCold    . . .     Gourm    .   (no shield)
rNeg     . . .     Faith    .   b - +0 robe
rPois    .         Spirit   +   (no helmet)
rElec    .         Reflect  .   (no cloak)
rCorr    .         Harm     .   t - +0 pair of gloves
MR       .....                  l - +0 pair of boots
Stlth    +++.......             (no amulet)
HPRegen  0.47/turn              (no ring)
MPRegen  0.11/turn              (no ring)

@: very slightly contaminated
A: fangs 2, regeneration 1, magic shield, antimagic bite, no potion heal 3, rot
immunity
a: no special abilities


You were on level 3 of the Dungeon.
You were hungry.

You visited 1 branch of the dungeon, and saw 4 of its levels.

You collected 145 gold pieces.

Inventory:

Hand Weapons
 a - a +2 dagger (weapon)
Armour
 b - a +0 robe (worn)
 l - a +0 pair of boots (worn)
 t - a +0 pair of gloves (worn)
Scrolls
 i - a scroll of amnesia
 o - 2 scrolls of teleportation
Potions
 e - a potion of heal wounds {unknown}
 g - 3 potions of lignification
 h - a potion of degeneration {unknown}
 j - a potion of might {unknown}
 m - 2 potions of curing
 r - a potion of mutation {unknown}
Comestibles
 c - 3 chunks of flesh
 d - 4 rations


   Skills:
 + Level 2.0 Short Blades
 - Level 1.5 Dodging
 - Level 3.6 Stealth
 - Level 2.1 Spellcasting
 + Level 5.0 Hexes


You had one spell level left.
You knew the following spells:

 Your Spells              Type           Power        Failure   Level  Hunger
a - Corona                Hex            ###....      2%          1    #......
b - Ensorcelled Hibernat  Hex/Ice        #.....       12%         2    ###....
c - Confuse               Hex            ###.....     9%          3    ###....

Your spell library contained the following spells:

 Spells                   Type           Power        Failure   Level  Hunger
 Beastly Appendage        Tmut           #.....       22%         1    #......
 Tukima's Dance           Hex            ###.....     9%          3    ###....
 Dazzling Spray           Conj/Hex       #.....       24%         3    ###....
 Sticks to Snakes         Tmut           #.......     32%         2    ###....
 Spider Form              Tmut/Pois      #.........   54%         3    ###....
 Ice Form                 Ice/Tmut       #.......     91%         4    #####..
 Blade Hands              Tmut           #.........   99%         5    ######.


Dungeon Overview and Level Annotations

Branches:
Dungeon (4/15)
 Temple: D:4-7

Altars:


Innate Abilities, Weirdness & Mutations

You have extremely sharp teeth.
Your natural rate of healing is unusually fast.
When hurt, damage is shared between your health and your magic reserves.
Your bite disrupts and absorbs the magic of your enemies.
Potions cannot restore your health.
You are immune to rotting.


Message History

Aim: an iguana (lightly wounded, chance to defeat MR: 55%)
You miscast Confuse.
You are very lightly contaminated with residual magic.
You hear an indistinct dissonance whispering inside your mind.
You are feeling hungry.
The iguana closely misses you.
You hit the iguana but do no damage.
The iguana is lightly wounded.
The iguana bites you but does no damage.
You hit the iguana but do no damage. You bite the iguana, but do no damage.
The iguana is lightly wounded.
The iguana bites you.
You hit the iguana. Your bite misses the iguana.
The iguana is moderately wounded.
You hit the iguana. Your bite misses the iguana.
The iguana is heavily wounded.
The iguana hisses menacingly.
The iguana bites you!
Ouch! That really hurt!
You die...

### ###
#.###.##############
#...#...............
#.#l#.##############
#.#@#.# # #.#.#.# #
#.#.#.# ######
#.#.#.#### #...##
#.#......######...##
####.).............[...
#....#.................
#....#.....#######...##
#....#...............##


You could see an iguana.

Vanquished Creatures
  2 adders (D:3)
  3 worms
  2 dart slugs (D:2)
  4 leopard geckos
  11 orcs (D:3)
  5 bats
  3 giant cockroaches (D:1)
  8 goblins
  4 hobgoblins
  9 kobolds
  2 quokkas
  A ball python (D:1)
  4 frilled lizards
  3 rats
61 creatures vanquished.

Notes
Turn   | Place    | Note
-------+----------+-------------------------------------------
     0 | D:1      | HAL9000 the Vine Stalker Enchanter began the quest for the
                  | Orb.
     0 | D:1      | Reached XP level 1. HP: 9/9 MP: 4/4
    80 | D:1      | Reached skill level 1 in Short Blades
   155 | D:1      | Reached XP level 2. HP: 13/13 MP: 6/6
   266 | D:1      | Learned a level 2 spell: Ensorcelled Hibernation
   642 | D:1      | Reached XP level 3. HP: 12/16 MP: 4/7
   731 | D:1      | Learned a level 3 spell: Confuse
   943 | D:2      | Reached skill level 4 in Hexes
  2653 | D:3      | Gained mutation: Your natural rate of healing is unusually
                  | fast. [Vine Stalker growth]
  2653 | D:3      | Reached XP level 4. HP: 16/21 MP: 3/8
  3556 | D:3      | Reached skill level 5 in Hexes
  3696 | D:3      | Slain by an iguana

Levels and vault maps discovered:
D:1:      dpeg_arrival_brainrot, layout_basic
D:2:      layout_loops_corners, first_ration
D:3:      layout_basic
D:4:      layout_basic, uniq_sigmund, uniq_pikel

Skill      XL: |  1  2  3  4 |
---------------+-------------+-----
Short Blades   | 1 2 |  2.0
Hexes          | 4 5 |  5.0
Dodging        | |  1.5
Stealth        | |  3.6
Spellcasting   | |  2.1

Action                   |  1- 3 |  4- 6 || total
-------------------------+-------+-------++-------
Melee: Dagger            |   146 |    77 ||   223
       Bite              |    28 |    20 ||    48
 Cast: Corona            |     4 |       ||     4
       Ensorcelled Hiber |     3 |     1 ||     4
       Confuse           |    18 |    12 ||    30
  Use: Scroll            |       |     9 ||     9
 Stab: Sleeping          |     4 |     2 ||     6
       Confused          |     3 |     5 ||     8
  Eat: Chunk             |     4 |     5 ||     9
       Ration            |     1 |       ||     1
Armor: Robe              |    30 |     9 ||    39
Dodge: Dodged            |   104 |    35 ||   139

Table legend:
 A = Non-vault XP
 B = Vault XP
 C = Vault XP percentage of total XP
 D = Non-vault monster count
 E = Vault monster count
 F = Vault count percentage of total count
                 A         B        C        D         E       F
            +---------+---------+-------+---------+---------+-------
      Total |     153 |       0 |   0.0 |      61 |       0 |   0.0
            +---------+---------+-------+---------+---------+-------
        D:1 |      37 |       0 |   0.0 |      24 |       0 |   0.0
        D:2 |      23 |       0 |   0.0 |       9 |       0 |   0.0
        D:3 |      93 |       0 |   0.0 |      28 |       0 |   0.0
            +---------+---------+-------+---------+---------+-------
